 Dungeon Crawl Stone Soup version 0.22.1-2-g9c5b331383 (webtiles) character file.

167 McIrco the Shield-Bearer (level 5, 0/32 HPs)
             Began as a Gargoyle Fighter on Jan 6, 2019.
             Killed by nerve-wracking pain
             ... invoked by Grinder
              (4 damage)
             ... on level 3 of the Dungeon.
             The game lasted 00:03:47 (1934 turns).

McIrco the Shield-Bearer (Gargoyle Fighter)         Turns: 1934, Time: 00:03:48

Health: 0/32       AC: 12    Str: 20    XL:     5   Next: 48%
Magic:  5/5        EV:  8    Int:  8    God:
Gold:   177        SH:  9    Dex: 10    Spells: 4/4 levels left

rFire    . . .     SeeInvis .   a - +0 long sword
rCold    . . .     Gourm    .   c - +0 shield
rNeg     + . .     Faith    .   b - +0 scale mail
rPois    ∞         Spirit   .   (no helmet)
rElec    +         Reflect  .   (no cloak)
rCorr    .         Harm     .   (no gloves)
MR       .....                  e - +0 pair of boots
Stlth    ..........             (no amulet)
HPRegen  0.10/turn              (no ring)
MPRegen  0.09/turn              (no ring)

@: no status effects
A: negative energy resistance 1, electricity resistance, unbreathing,
petrification resistance, rot immunity, AC +4
a: no special abilities


You were on level 3 of the Dungeon.
You were very hungry.

You visited 1 branch of the dungeon, and saw 3 of its levels.

You collected 177 gold pieces.

Inventory:

Hand Weapons
 a - a +0 long sword (weapon)
Armour
 b - a +0 scale mail (worn)
 c - a +0 shield (worn)
 e - a +0 pair of boots (worn)
Jewellery
 h - an uncursed ring of magical power {unknown}
 n - an uncursed ring of magical power {unknown}
Wands
 o - a wand of polymorph (13)
Scrolls
 g - 2 scrolls of enchant weapon {unknown}
 i - a scroll of amnesia {unknown}
 j - a scroll of random uselessness {unknown}
 k - 2 scrolls of remove curse {unknown}
 l - 2 scrolls of identify {unknown}
Potions
 d - a potion of might
 m - 3 potions of resistance {unknown}
 p - a potion of curing
Comestibles
 f - 4 rations


   Skills:
 + Level 3.5 Fighting
 + Level 2.6 Long Blades
 * Level 4.1 Armour
 * Level 1.4 Dodging
 * Level 4.8 Shields


You had 4 spell levels left.
You didn't know any spells.
Your spell library was empty.

Dungeon Overview and Level Annotations

Branches:
Dungeon (3/15)

Altars:

Annotations:
D:3 Grinder


Innate Abilities, Weirdness & Mutations

You are resistant to torment.
Your stone body is resilient. (AC +4)
You are immune to poison.
You resist negative energy. (rN+)
You are resistant to electric shocks. (rElec)
You can survive without breathing.
You are immune to petrification.
You are immune to rotting.


Message History

* * * LOW HITPOINT WARNING * * *
Grinder barely misses you. Grinder hits you but does no damage.
Grinder hits you.
* * * LOW HITPOINT WARNING * * *
Grinder hits you but does no damage.
You can move again.
Unknown command.
Grinder says, "FISH!"
A hobgoblin comes into view. It is wielding a club.
The hobgoblin shouts!
The hobgoblin barely misses you. You block the hobgoblin's attack.
The hobgoblin hits you but does no damage.
Grinder gestures at you. Pain shoots through your body!
* * * LOW HITPOINT WARNING * * *
Grinder gestures at you. Pain shoots through your body!
You die...

#########.##.#....>..#...|.......
#............#.##....#...........
#........(####.# ....#...........
#.......(.# #.# ##########.....#
#......(..# #.# #..........#
#.......).####.# #.........##
#..............# #..........#
#.........###..#######..........#
#.........#.....@.g.##.(........#
########.##.........##..........#
#.##.........5....######÷#
#.##..(......####.######.#
#.##......................
#.....#'#.#..####.####.###
####.##.#....#.##.# #.#
#.##.###..#....# #.###
#.##......#)#######....


You could see Grinder and a hobgoblin.

Vanquished Creatures
  Natasha (twice) (D:3)
  2 adders
  An ooze (D:2)
  2 worms (D:3)
  A dart slug (D:1)
  2 leopard geckos
  3 ball pythons
  7 giant cockroaches
  10 goblins
  5 hobgoblins
  13 jackals
  6 bats
  9 frilled lizards
  4 kobolds
  16 rats
83 creatures vanquished.

Notes
Turn   | Place    | Note
-------+----------+-------------------------------------------
     0 | D:1      | McIrco the Gargoyle Fighter began the quest for the Orb.
     0 | D:1      | Reached XP level 1. HP: 14/14 MP: 1/1
   113 | D:1      | Reached XP level 2. HP: 17/19 MP: 2/2
   304 | D:1      | Reached XP level 3. HP: 21/23 MP: 3/3
   829 | D:2      | Reached skill level 1 in Dodging
   968 | D:2      | Reached XP level 4. HP: 28/28 MP: 4/4
  1541 | D:3      | Noticed Natasha
  1565 | D:3      | Killed Natasha
  1565 | D:3      | Reached XP level 5. HP: 24/32 MP: 5/5
  1570 | D:3      | Noticed Natasha
  1592 | D:3      | Killed Natasha
  1853 | D:3      | Noticed Grinder
  1858 | D:3      | Paralysed by Grinder for 2 turns
  1861 | D:3      | Paralysed by Grinder for 6 turns
  1897 | D:3      | Paralysed by Grinder for 5 turns
  1904 | D:3      | Paralysed by Grinder for 7 turns
  1934 | D:3      | Killed from afar by Grinder

Skill      XL: |  1  2  3  4 |
---------------+-------------+-----
Long Blades    | 2 |  2.6
Dodging        | 1 |  1.4
Shields        | 4 |  4.8
Armour         | 4 |  4.1
Fighting       | |  3.5

Action                   |  1- 3 |  4- 6 || total
-------------------------+-------+-------++-------
Melee: Long sword        |   136 |   144 ||   280
  Eat: Chunk             |       |     3 ||     3
Armor: Scale mail        |    76 |   106 ||   182
Dodge: Dodged            |    43 |    47 ||    90
Block: Shield            |    83 |    93 ||   176
       Rpst.: Long sword |    16 |    10 ||    26
